 Dungeon Crawl Stone Soup version 0.27.1-3-gb3d3a73c9e (webtiles) character file.

Game seed: 11788111422456771527

229068 belegose the Blocker (level 18, -10/134 HPs)
             Began as a Demonspawn Gladiator on Oct 10, 2021.
             Was the Champion of Makhleb.
             Killed from afar by a deep elf annihilator (27 damage)
             ... with a bolt of lightning
             ... on level 3 of the Elven Halls on Oct 11, 2021.
             The game lasted 03:55:15 (42923 turns).

belegose the Blocker (Demonspawn Gladiator)        Turns: 42923, Time: 03:55:16

Health: -10/134    AC: 18    Str: 18      XL:     18   Next: 72%
Magic:  21/30      EV: 15    Int: 30 (31) God:    Makhleb [******]
Gold:   3788       SH: 21    Dex: 23      Spells: 20/34 levels left

rFire    + + .     SeeInvis +   I - +2 war axe of Fixation {flame, rPois rCorr}
rCold    + + .     Faith    .   h - +1 kite shield of Integrity {Int+6}
rNeg     + . .     Spirit   .   O - +1 ring mail of Responsibility {Will+ Dex+7}
rPois    +         Reflect  .   c - +2 hat {Stlth+}
rElec    .         Harm     .   R - +0 cloak of the Known World {Will++ Int+2}
rCorr    +         Rampage  ∞   (gloves unavailable)
Will     +++..                  g - +3 pair of seven-league boots {Rampage+∞}
Stlth    ++++......             E - amulet "Nelown" {Acrobat Int+2}
HPRegen  0.32/turn              L - ring of Oenomania {AC+4 Int+8}
MPRegen  0.22/turn              T - ring "Mumainwo" {rF++ rC++ rN+ Will-}

@: studying 3 skills
A: claws 3, large bone plates 2, powered by death 3, spiny 2, augmentation 2,
see invisible, mutation resistance 1, sense surroundings 1, subdued magic 1
}: 1/15 runes: gossamer
a: Renounce Religion, Minor Destruction, Lesser Servant of Makhleb, Major
Destruction, Greater Servant of Makhleb


You were on level 3 of the Elven Halls.
You worshipped Makhleb.
Makhleb was exalted by your worship.
You visited 7 branches of the dungeon, and saw 34 of its levels.
You visited the Abyss 1 time.
You also visited: Sewer, Gauntlet and Ice Cave.

You collected 4596 gold pieces.
You spent 808 gold pieces at shops.

Inventory:

Hand Weapons
 a - the +4 war axe of the Hummingbird {venom, +Blink rF+}
   (You found it on level 6 of the Lair of Beasts)

   It poisons the flesh of those it strikes.
   rF:        It protects you from fire.
   +Blink:    It lets you blink.
 I - the +2 war axe of Fixation (weapon) {flame, rPois rCorr}
   (You bought it in a shop on level 2 of the Orcish Mines)

   It burns those it strikes, dealing additional fire damage.
   Big, fiery blades are also staple armaments of hydra-hunters.
   rPois:     It protects you from poison.
   rCorr:     It protects you from acid and corrosion.
Missiles
 d - 3 throwing nets
 y - 2 curare-tipped darts
 z - 20 boomerangs (quivered)
 A - 10 silver boomerangs
 M - 61 poisoned darts
 Q - 14 javelins
Armour
 c - a +2 hat of stealth (worn)
 g - the +3 pair of seven-league boots (worn) {Rampage+∞}
   (You found it on level 2 of the Lair of Beasts)

   Its wearer moves as far as possible in that direction when moving towards
   enemies.
 h - the +1 kite shield of Integrity (worn) {Int+6}
   (You took it off a gnoll sergeant on level 5 of the Dungeon)

   Int:       It affects your intelligence (+6).
 O - the +1 ring mail of Responsibility (worn) {Will+ Dex+7}
   (You found it on level 2 of the Swamp)

   Dex:       It affects your dexterity (+7).
   Will:      It increases your willpower.
 R - the +0 cloak of the Known World (worn) {Will++ Int+2}
   (You bought it in a shop on level 9 of the Dungeon)

   Int:       It affects your intelligence (+2).
   Will:      It greatly increases your willpower.
Magical Staves
 Z - a staff of air
Jewellery
 s - a ring of see invisible
 u - an amulet of reflection
 w - the ring "Nusyuzim" {rN+ MP+9 Str+4}
   (You found it on level 5 of the Dungeon)

   [ring of magical power]

   Str:       It affects your strength (+4).
   rN:        It protects you from negative energy.
   MP:        It affects your magic capacity (+9).
 E - the amulet "Nelown" (around neck) {Acrobat Int+2}
   (You found it in a Gauntlet)

   [amulet of the acrobat]

   It increases your evasion while moving and waiting.
   Int:       It affects your intelligence (+2).
 L - the ring of Oenomania (left claw) {AC+4 Int+8}
   (You found it on level 7 of the Dungeon)

   [ring of protection]

   AC:        It affects your AC (+4).
   Int:       It affects your intelligence (+8).
 T - the ring "Mumainwo" (right claw) {rF++ rC++ rN+ Will-}
   (You found it in a Gauntlet)

   [ring of positive energy]

   rF:        It greatly protects you from fire.
   rC:        It greatly protects you from cold.
   rN:        It protects you from negative energy.
   Will:      It decreases your willpower.
Wands
 j - a wand of mindburst (19)
 t - a wand of flame (23)
 K - a wand of iceblast (12)
 P - a wand of paralysis (11)
 S - a wand of acid (5)
 V - a wand of charming (26)
 W - a wand of digging (14)
Scrolls
 b - 2 scrolls of fog
 e - 15 scrolls of identify
 l - 6 scrolls of blinking
 m - 6 scrolls of silence
 p - 11 scrolls of teleportation
 x - 2 scrolls of fear
 C - a scroll of acquirement
 F - a scroll of enchant weapon
 X - 2 scrolls of magic mapping
Potions
 f - 6 potions of resistance
 i - 5 potions of heal wounds
 k - 6 potions of ambrosia
 n - 2 potions of invisibility
 o - 4 potions of haste
 q - 5 potions of mutation
 r - 4 potions of flight
 v - a potion of cancellation
 B - a potion of magic
 D - 3 potions of might
 G - 13 potions of curing
 H - 5 potions of lignification
 J - a potion of berserk rage
 U - 2 potions of attraction


   Skills:
 - Level 9.7 Fighting
 - Level 7.0(10.1) Axes
 - Level 11.2(12.0) Polearms
 - Level 8.9 Throwing
 - Level 6.0 Armour
 - Level 6.7 Dodging
 - Level 6.7 Stealth
 + Level 13.5 Shields
 + Level 8.5 Spellcasting
 + Level 10.2 Hexes
 + Level 10.1 Summonings
 - Level 9.0 Necromancy
 - Level 11.0 Poison Magic
 - Level 13.2 Invocations
 - Level 8.8 Evocations


You had 20 spell levels left.
You knew the following spells:

 Your Spells              Type           Power      Damage    Failure   Level
a - Animate Skeleton      Necr           100%       N/A       1%          1
b - Olgreb's Toxic Radia  Pois           57%        N/A       1%          4
c - Dispel Undead         Necr           50%        3d19      1%          4
d - Summon Mana Viper     Hex/Summ       54%        N/A       2%          5

Your spell library contained the following spells:

 Spells                   Type           Power      Damage    Failure   Level
 Pain                     Necr           100%       1d9       1%          1
 Sting                    Tmut/Pois      100%       1d8       1%          1
 Summon Small Mammal      Summ           100%       N/A       1%          1
 Call Imp                 Summ           54%        N/A       1%          2
 Corpse Rot               Necr/Air       N/A        N/A       1%          2
 Poisonous Vapours        Pois/Air       70%        N/A       1%          2
 Sublimation of Blood     Necr           25%        N/A       1%          2
 Call Canine Familiar     Summ           54%        N/A       1%          3
 Spider Form              Tmut/Pois      17%        N/A       1%          3
 Summon Guardian Golem    Hex/Summ       54%        N/A       1%          3
 Vampiric Draining        Necr           25%        2d9       1%          3
 Ignite Poison            Fire/Tmut/Pois 26%        N/A       4%          3
 Beastly Appendage        Tmut           18%        N/A       7%          1
 Freeze                   Ice            36%        1d6       7%          1
 Magic Dart               Conj           36%        1d4       7%          1
 Shock                    Conj/Air       36%        1d5       7%          1
 Fulminant Prism          Conj/Hex       16%        3d11      8%          4
 Summon Ice Beast         Ice/Summ       33%        N/A       8%          4
 Summon Lightning Spire   Summ/Air       33%        N/A       8%          4
 Searing Ray              Conj           18%        3d3       10%         2
 Static Discharge         Conj/Air       9%         N/A       10%         2
 Wereblood                Tmut           9%         N/A       10%         2
 Frozen Ramparts          Ice            18%        1d3       21%         3
 Gell's Gravitas          Tloc           4%         N/A       21%         3
 Ozocubu's Armour         Ice            9%         N/A       21%         3
 Teleport Other           Tloc           9%         N/A       21%         3
 Death Channel            Necr           25%        N/A       26%         6
 Hailstorm                Conj/Ice       9%         3d4       58%         4
 Ice Form                 Ice/Tmut       9%         N/A       58%         4
 Petrify                  Tmut/Erth      9%         N/A       58%         4
 Monstrous Menagerie      Summ           27%        N/A       67%         7
 Summon Hydra             Summ           27%        N/A       67%         7
 Haunt                    Necr/Summ      26%        N/A       77%         7
 Irradiate                Conj/Tmut      4%         3d15      90%         5
 Lightning Bolt           Conj/Air       4%         1d16      90%         5
 Dispersal                Tloc           4%         N/A       100%        6
 Disjunction              Tloc           4%         N/A       100%        8
 Maxwell's Capacitive Co  Air            4%         ∞         100%        8
 Polar Vortex             Ice            4%         N/A       100%        9


Dungeon Overview and Level Annotations

Branches:
Dungeon (15/15)            Temple (1/1) D:6            Lair (6/6) D:10
  Swamp (3/4) Lair:3       Spider (4/4) Lair:2        Slime (0/5) Lair:5
    Orc (2/2) D:9             Elf (3/3) Orc:2        Vaults (0/5) D:13
 Depths (0/5) D:15          Sewer (visited)           IceCv (visited)
Gauntlet (visited)

Altars:
Ashenzari
Cheibriados
Dithmenos
Elyvilon
Fedhas
Gozag
Hepliaklqana
Kikubaaqudgha
Makhleb
Nemelex Xobeh
Okawaru
Qazlal
Ru
Sif Muna
Trog
Uskayaw
Vehumet
Wu Jian
Xom
Yredelemnul
Zin
The Shining One
Jiyva

Shops:
D:5 [   D:8 !   D:9 [   Orc:2 ![*(

Annotations:
Lair:1 2 transporters, mrw3rdna's ghost, journeyman MiBe
Lair:3 2 transporters, Nefuv's ghost, journeyman MiBe
Spider:2 2 transporters
Elf:2 3 runed translucent doors, exclusion: 3 doors
Elf:3 2 exclusions


Innate Abilities, Weirdness & Mutations

You have claws for hands.
You are mostly covered in large bone plates. (SH +6)
You regenerate a lot of health from kills.
You are mostly covered in sharp spines.
Your magical and physical power is enhanced at high health.
You have supernaturally acute eyesight. (SInv)
You are somewhat resistant to further mutation.
You passively map a small area around you.
Your spells are a little easier to cast, but a little less powerful.


Message History

You closely miss the deep elf knight. You block the deep elf knight's attack.
The deep elf annihilator points at you and mumbles some strange words.
The iron shot hits you!!!
* * * LOW HITPOINT WARNING * * *
The deep elf knight is struck by your spines.
The deep elf knight hits you but does no damage.
Casting: Summon Mana Viper (mildly dangerous; 2% risk of failure)
Confirm with . or Enter, or press ? or * to list all spells.
A mana viper appears with a sibilant hiss.
The deep elf knight casts a spell at you.
The shard of ice hits you!! You partially resist.
* * * LOW HITPOINT WARNING * * *
You block the deep elf annihilator's attack.
You block the deep elf knight's attack.
Unknown command.
You feel much better.
The deep elf annihilator points at you and mumbles some strange words.
The bolt of lightning hits you!
* * * LOW HITPOINT WARNING * * *
You block the deep elf knight's attack.
Unknown command.
You swap places.
The deep elf knight hits your mana viper with a +0 long sword!!
Your mana viper bites the deep elf annihilator!
The deep elf annihilator's magic leaks into the air.
The deep elf annihilator hits your mana viper with a +0 rapier!
The deep elf knight hits your mana viper with a +0 long sword.
Your mana viper barely misses the deep elf annihilator.
The deep elf annihilator falters for a moment.
The deep elf knight gestures at you while chanting.
The shard of ice hits your mana viper!!
Your mana viper dies!
Casting: Summon Mana Viper (mildly dangerous; 2% risk of failure)
Confirm with . or Enter, or press ? or * to list all spells.
A mana viper appears with a sibilant hiss.
The deep elf knight casts a spell at you.
You block the shard of ice.
The deep elf annihilator casts a spell at you.
The bolt of lightning hits you!!
You die...

#..##### ##.)[.....##
##. ##.## #...[......#
#. #.## ##...<(...## #.
..## ####......## #.
...# #..######## #. ..##
##..## #. ###
###..e.################.
#....e).................
#.....)@S##############.
###....###******######..
##..#.,,,,,,,,........
#..*#*********#####.)
###* ##. ##


You could see a deep elf annihilator (ally target), a deep elf knight (fast,
invisible) and a friendly mana viper (summoned).

Vanquished Creatures
  An Executioner (Abyss:3)
  Frances (Spider:2)
  Agnes (D:15)
  A thorn hunter (Swamp:2)
  Kirke (D:15)
  2 ghost moths
  3 deep elf sorcerers
  3 emperor scorpions
  A deep elf elementalist (Elf:1)
  A stone giant (D:15)
  A reaper (IceCv)
  A deep elf demonologist (Elf:1)
  A minotaur (Gauntlet)
  2 entropy weavers
  3 spark wasps (Spider:4)
  A deep elf death mage (Elf:2)
  3 eleionomae
  2 bunyips
  Snorg (Orc:2)
  8 hydras
  6 ogre magi
  6 boulder beetles
  4 catoblepae
  Erolcha (Orc:2)
  5 centaur warriors
  16 two-headed ogres
  4 alligators
  5 tengu warriors
  10 dancing weapons
  The ghost of 12sPaWn12 the Blocker, a journeyman GrFi of the Shining One (D:11)
  2 orc high priests
  8 death scarabs (Spider:4)
  5 death yaks
  A thrashing horror (Abyss:3)
  A sun demon (Abyss:3)
  5 deep elf knights
  Sonja (D:13)
  2 wretched stars
  A spectral emperor scorpion (Spider:4)
  A shadow wraith (Abyss:3)
  A goliath frog (Swamp:1)
  2 bog bodies
  4 spectral wolf spiders (Spider:4)
  5 deep elf archers
  A harpy (shapeshifter) (Abyss:3)
  19 deep elf zephyrmancers
  The ghost of Icepheonix32 the Covered, a novice DsFi of Okawaru (D:5)
  An orc sorcerer (Orc:2)
  An orc knight (D:11)
  A necromancer (D:13)
  An oklob plant (Abyss:3)
  29 deep elf pyromancers
  39 wolf spiders
  3 wolf spider zombies (Spider:4)
  20 orb spiders
  6 manticores
  6 ugly things
  9 cyclopes
  4 moths of wrath
  2 will-o-the-wisps (Swamp:2)
  2 ice statues (IceCv)
  Maurice (Orc:2)
  10 elephants (Lair:5)
  A guardian serpent (Lair:2)
  5 black mambas
  7 cane toads
  A molten gargoyle (Lair:2)
  A torpor snail (Spider:1)
  An orange demon (Abyss:3)
  5 komodo dragons
  A gargoyle (D:14)
  Psyche (D:8)
  2 freezing wraiths (IceCv)
  2 kobold demonologists
  2 anaconda simulacra (IceCv)
  3 rime drakes
  10 demonic crawlers
  A hellwing (Abyss:3)
  2 entropy weaver simulacra (IceCv)
  3 spectral redbacks (Spider:4)
  2 tengu conjurers (D:12)
  2 ice devils (IceCv)
  7 trolls
  24 jumping spiders
  A meliai (shapeshifter) (Elf:2)
  3 meliai (Spider:4)
  5 spectral tarantellas (Spider:4)
  2 nameless horrors
  5 spectral jumping spiders (Spider:4)
  17 hornets
  7 tyrant leeches
  23 blink frogs
  2 jumping spider zombies (Spider:4)
  11 slime creatures
  4 air elementals
  A centaur simulacrum (D:15)
  15 flying skulls (Gauntlet)
  A vampire (D:12)
  38 tarantellas
  Sigmund (D:3)
  54 redbacks
  A ynoxinul (Abyss:3)
  2 wraiths
  4 basilisks
  2 dire elephant simulacra (IceCv)
  5 fire elementals
  9 spriggans
  4 wyverns
  2 fire bats (Lair:2)
  A water elemental (Elf:2)
  26 yaks
  3 hogs (D:15)
  16 vampire mosquitoes
  4 neqoxecs
  A purple draconian simulacrum (Abyss:3)
  12 swamp worms
  A steam dragon (D:8)
  3 wargs
  2 harpy simulacra (IceCv)
  Duvessa (D:5)
  4 spectral hornets (Spider:4)
  13 water moccasins
  4 black bears
  13 orc warriors
  2 sky beasts
  28 ogres
  2 necrophages
  8 wolves
  4 hornet zombies
  16 centaurs
  2 phantoms (D:5)
  Blork the orc (D:4)
  3 kobold brigands
  2 earth elementals
  3 scorpions
  7 bullfrogs
  Dowan (D:5)
  5 gnoll sergeants
  6 small abominations
  7 killer bees
  4 howler monkeys
  5 electric eels
  4 centaur zombies
  2 starcursed masses (Abyss:3)
  2 jellies (D:4)
  2 gnoll shamans
  3 hounds
  11 orc priests
  A bullfrog skeleton (D:6)
  Ijyb (D:3)
  3 iguanas
  17 orc wizards
  2 polar bear simulacra (IceCv)
  A hell rat (D:8)
  A troll simulacrum (IceCv)
  28 gnolls
  6 river rats (D:8)
  11 adders
  A howler monkey skeleton (D:4)
  2 shadow imps (D:5)
  A white imp (D:8)
  An ufetubus (Abyss:3)
  2 worms
  3 dart slugs
  50 orcs
  4 endoplasms
  3 giant cockroaches
  6 goblins
  8 hobgoblins
  8 jackals
  8 quokkas
  6 ball pythons
  6 bats
  3 frilled lizards
  A jackal skeleton (D:4)
  23 kobolds
  27 rats
  A lurking horror (Abyss:3)
1062 creatures vanquished.

Vanquished Creatures (collateral kills)
  An emperor scorpion (Spider:4)
  A bunyip (Swamp:3)
  An eleionoma (Swamp:1)
  An ogre mage (Orc:2)
  A hydra (Swamp:1)
  4 two-headed ogres
  A catoblepas (Lair:4)
  2 death yaks
  An alligator (Swamp:2)
  Urug (Lair:6)
  A sixfirhy (Abyss:3)
  A goliath frog (Swamp:1)
  A spriggan druid (Swamp:3)
  2 deep elf pyromancers
  A manticore (Lair:6)
  A black mamba (Lair:4)
  2 entropy weaver simulacra (IceCv)
  3 ice devils
  2 blink frogs (Lair:4)
  2 tyrant leeches
  A hornet (Swamp:3)
  A tarantella zombie (Spider:4)
  2 nameless horrors
  2 yaks
  A basilisk (Lair:4)
  2 water moccasins
  2 wolves (Lair:6)
  5 ogres
  A cane toad simulacrum (Abyss:3)
  A wolf simulacrum (IceCv)
  2 adders (Lair:4)
  An ufetubus (IceCv)
51 creatures vanquished.

Vanquished Creatures (others)
  An emperor scorpion (Spider:4)
  A two-headed ogre (Orc:1)
  An alligator (Swamp:2)
  A deep elf archer (Elf:1)
  3 deep elf zephyrmancers
  A wolf spider (Spider:4)
  3 bloated husks
  2 vampire mosquitoes (Swamp:2)
  An orc wizard (D:9)
  A frilled lizard (shapeshifter) (Elf:1)
  4 foxfires (Swamp:2)
  75 fungi
  140 plants
234 creatures vanquished.

Grand Total: 1347 creatures vanquished

Notes
Turn   | Place    | Note
-------+----------+-------------------------------------------
     0 | D:1      | belegose the Demonspawn Gladiator began the quest for the
                  | Orb.
     0 | D:1      | Reached XP level 1. HP: 16/16 MP: 1/1
   251 | D:1      | Gained mutation: You have sharp fingernails. [demonic
                  | ancestry]
   251 | D:1      | Reached XP level 2. HP: 20/22 MP: 2/2
   780 | D:1      | Reached skill level 1 in Armour
   920 | D:1      | Reached XP level 3. HP: 28/28 MP: 3/3
  1667 | D:2      | Gained mutation: You have very sharp fingernails. [demonic
                  | ancestry]
  1667 | D:2      | Reached XP level 4. HP: 34/34 MP: 4/4
  2512 | D:3      | Noticed Ijyb
  2524 | D:3      | Killed Ijyb
  2525 | D:3      | Reached XP level 5. HP: 9/41 MP: 5/5
  3269 | D:3      | Noticed Sigmund
  3279 | D:3      | Killed Sigmund
  3280 | D:3      | Reached XP level 6. HP: 31/48 MP: 6/6
  4239 | D:4      | Gained mutation: You are partially covered in sharp spines.
                  | [demonic ancestry]
  4239 | D:4      | Reached XP level 7. HP: 48/54 MP: 7/7
  4540 | D:4      | Reached skill level 1 in Shields
  4540 | D:4      | Reached skill level 1 in Evocations
  4889 | D:4      | Noticed Blork the orc
  4895 | D:4      | Killed Blork the orc
  5488 | D:5      | Entered Level 5 of the Dungeon
  5586 | D:5      | Gained mutation: You have claws for hands. [demonic
                  | ancestry]
  5586 | D:5      | Reached XP level 8. HP: 37/61 MP: 8/8
  5971 | D:5      | Noticed Icepheonix32's ghost (novice DsFi)
  5985 | D:5      | Found Syxuah's Armour Boutique.
  5998 | D:5      | Reached skill level 5 in Axes
  6012 | D:5      | Got Totas's Reference Book on Poisonous Snow
  6058 | D:5      | Noticed Dowan
  6058 | D:5      | Noticed Duvessa
  6067 | D:5      | Found a transporter.
  6212 | D:5      | Noticed a troll
  6220 | D:5      | Killed a troll
  6221 | D:5      | Reached skill level 5 in Fighting
  6290 | D:5      | Identified the +4 spear "Fegant" {pain, rF- Str+2 Dex+7}
  6290 | D:5      | Identified the +1 kite shield of Integrity {Int+6}
  6323 | D:5      | Killed Duvessa
  6333 | D:5      | Killed Dowan
  6475 | D:5      | Found a transporter.
  6919 | D:6      | Reached skill level 5 in Throwing
  6979 | D:6      | Gained mutation: You regenerate a little health from kills.
                  | [demonic ancestry]
  6979 | D:6      | Reached XP level 9. HP: 65/68 MP: 9/9
  7115 | D:6      | Found a glowing drain.
  7126 | Sewer    | Entered a sewer
  7397 | D:6      | Found a staircase to the Ecumenical Temple.
  7530 | D:6      | Noticed a two-headed ogre
  7550 | D:6      | Killed a two-headed ogre
  7551 | D:6      | Reached skill level 5 in Armour
  7630 | D:6      | Found a hide-covered altar of Uskayaw.
  7630 | D:6      | You fall into a shaft and drop 2 floors!
  7748 | D:8      | Found Moqaeschy's Distillery.
  7757 | D:8      | Bought a potion of curing for 36 gold pieces
  7757 | D:8      | Bought a potion of degeneration for 12 gold pieces
  8147 | D:7      | Identified the ring of Oenomania {AC+4 Int+8}
  8237 | D:7      | Found a burning altar of Makhleb.
  8237 | D:7      | Found a shadowy altar of Dithmenos.
  8496 | Temple   | Entered the Ecumenical Temple
  8672 | D:7      | Became a worshipper of Makhleb the Destroyer
  8927 | D:8      | Reached skill level 1 in Invocations
  9111 | D:8      | Gained mutation: You are partially covered in large bone
                  | plates. (SH +4) [demonic ancestry]
  9111 | D:8      | Reached XP level 10. HP: 60/77 MP: 10/10
  9212 | D:8      | Reached * piety under Makhleb
  9370 | D:8      | Reached skill level 5 in Evocations
  9566 | D:8      | Noticed Psyche
  9577 | D:8      | Killed Psyche
  9919 | D:9      | Identified the +3 leather armour "Unguxoll" {rF+}
 10002 | D:9      | Found an iron altar of Okawaru.
 10015 | D:9      | Noticed a two-headed ogre
 10028 | D:9      | Killed a two-headed ogre
 10029 | D:9      | Reached skill level 5 in Shields
 10122 | D:9      | Found Peibyts's Armour Emporium.
 10141 | D:9      | Bought the +0 cloak of the Known World {Will++ Int+2} for
                  | 265 gold pieces
 10155 | D:9      | Noticed a two-headed ogre
 10163 | D:9      | Killed a two-headed ogre
 10320 | D:9      | Found a staircase to the Orcish Mines.
 10489 | D:10     | Entered Level 10 of the Dungeon
 10519 | D:10     | Noticed a two-headed ogre
 10538 | D:9      | Killed a two-headed ogre
 10539 | D:9      | Gained mutation: You are mostly covered in sharp spines.
                  | [demonic ancestry]
 10539 | D:9      | Reached XP level 11. HP: 70/84 MP: 14/14
 10640 | D:10     | Reached ** piety under Makhleb
 10641 | D:10     | Reached skill level 1 in Polearms
 10678 | D:10     | Found a staircase to the Lair.
 10710 | D:10     | Reached skill level 5 in Invocations
 11483 | Orc:1    | Entered Level 1 of the Orcish Mines
 11600 | Orc:2    | Entered Level 2 of the Orcish Mines
 11644 | Orc:2    | Found a staircase to the Elven Halls.
 11652 | Orc:2    | Noticed an orc high priest
 11804 | Orc:2    | Noticed a soul eater
 11804 | Orc:2    | Killed an orc high priest
 11830 | Orc:2    | Noticed a two-headed ogre
 11832 | Orc:2    | Noticed a two-headed ogre
 11853 | Orc:1    | Killed a two-headed ogre
 11903 | Orc:2    | Noticed a two-headed ogre
 11912 | Orc:1    | Killed a two-headed ogre
 11965 | Orc:2    | Noticed an ogre mage
 11982 | Orc:1    | Killed a two-headed ogre
 11982 | Orc:1    | Reached *** piety under Makhleb
 12150 | Orc:2    | Noticed a two-headed ogre
 12150 | Orc:2    | Noticed a two-headed ogre
 12201 | Orc:1    | Killed a two-headed ogre
 12261 | Orc:2    | Noticed a two-headed ogre
 12312 | Orc:1    | Killed a two-headed ogre
 12313 | Orc:1    | Reached XP level 12. HP: 94/94 MP: 17/17
 12315 | Orc:1    | Reached skill level 5 in Dodging
 12344 | Orc:1    | Killed an ogre mage
 12448 | Orc:2    | Noticed a two-headed ogre
 12476 | Orc:1    | Killed a two-headed ogre
 12503 | Orc:2    | Noticed a two-headed ogre
 12511 | Orc:2    | Killed a two-headed ogre
 12685 | Orc:2    | Noticed a two-headed ogre
 12716 | Orc:1    | Killed a two-headed ogre
 12746 | Orc:2    | Noticed a two-headed ogre
 12746 | Orc:2    | Noticed a two-headed ogre
 12746 | Orc:2    | Noticed an ogre mage
 12751 | Orc:2    | Killed a two-headed ogre
 12755 | Orc:2    | Noticed an ogre mage
 12755 | Orc:2    | Killed an ogre mage
 12767 | Orc:1    | Killed a two-headed ogre
 12823 | Orc:2    | Noticed an ogre mage
 13093 | Orc:1    | Killed an ogre mage
 13166 | Orc:2    | Killed an ogre mage
 13203 | Orc:2    | Noticed a two-headed ogre
 13242 | Orc:1    | Killed a two-headed ogre
 13276 | Orc:2    | Found Bewarch's Distillery.
 13276 | Orc:2    | Found Rofefemo's General Store.
 13277 | Orc:2    | Found Tihoiruo's Armour Emporium.
 13277 | Orc:2    | Found Hyasizxapu's Weapon Shop.
 13337 | Orc:2    | Bought a potion of heal wounds for 65 gold pieces
 13558 | Orc:1    | Noticed Maurice
 13559 | Orc:1    | Noticed Erolcha
 13621 | Orc:1    | Reached **** piety under Makhleb
 13941 | Orc:2    | Killed Maurice
 13953 | Orc:1    | Noticed Snorg
 14015 | Orc:2    | Bought the +2 war axe of Fixation {flame, rPois rCorr} for
                  | 430 gold pieces
 14091 | Lair:1   | Entered Level 1 of the Lair of Beasts
 14141 | Lair:1   | Found a transporter.
 14145 | Lair:1   | Found a transporter.
 14148 | Lair:1   | Noticed mrw3rdna's ghost (journeyman MiBe)
 14187 | Lair:1   | Learned a level 1 spell: Animate Skeleton
 14320 | Lair:1   | Noticed an eight-headed hydra
 14333 | Lair:1   | Killed a seven-headed hydra
 14759 | Lair:1   | Reached skill level 1 in Necromancy
 14785 | Lair:1   | Gained mutation: You regenerate health from kills. [demonic
                  | ancestry]
 14785 | Lair:1   | Reached XP level 13. HP: 66/101 MP: 19/19
 15054 | D:5      | Killed Icepheonix32's ghost
 15055 | D:5      | Reached skill level 5 in Polearms
 15255 | D:5      | Identified the ring "Nusyuzim" {rN+ MP+9 Str+4}
 16056 | Lair:2   | Found a hole to the Spider Nest.
 16458 | Lair:2   | Found the +3 pair of seven-league boots {Rampage+∞}
 16695 | Lair:3   | Identified 2 scrolls of acquirement
 16695 | Lair:3   | Acquired a manual of Polearms
 16766 | Lair:3   | Found a frozen archway.
 16780 | IceCv    | Entered an ice cave
 17253 | IceCv    | Noticed a reaper
 17269 | IceCv    | Killed a reaper
 17555 | Lair:3   | Learned a level 4 spell: Olgreb's Toxic Radiance
 17601 | Lair:3   | Found a transporter.
 17601 | Lair:3   | Found a transporter.
 17636 | Lair:3   | Noticed Nefuv's ghost (journeyman MiBe)
 17664 | Lair:3   | Reached skill level 1 in Poison Magic
 17978 | Lair:3   | Found a staircase to the Swamp.
 18370 | Lair:4   | Identified the +7 rapier "Secratig" {holy, rPois Int+4
                  | Stlth+}
 18472 | Lair:4   | Reached skill level 5 in Necromancy
 18645 | Lair:4   | Reached ***** piety under Makhleb
 18780 | Lair:4   | Reached skill level 5 in Poison Magic
 18972 | Lair:4   | Gained mutation: You regenerate a lot of health from kills.
                  | [demonic ancestry]
 18972 | Lair:4   | Reached XP level 14. HP: 109/109 MP: 21/21
 19305 | Lair:5   | Found a staircase to the Slime Pits.
 19305 | Lair:5   | Found a viscous altar of Jiyva.
 20135 | Lair:6   | Entered Level 6 of the Lair of Beasts
 20135 | Lair:6   | Found a basalt altar of Yredelemnul.
 20471 | Lair:6   | Noticed Urug
 20496 | Lair:6   | Killed Urug
 20570 | Lair:6   | Acquired 1340 gold pieces
 21156 | Orc:2    | Killed Erolcha
 21177 | Orc:2    | Killed Snorg
 21178 | Orc:2    | Reached skill level 10 in Polearms
 21426 | D:11     | Identified the +8 short sword "Glorpo" {pain, Dex+2}
 21428 | D:11     | Noticed 12sPaWn12's ghost (journeyman GrFi)
 21599 | D:11     | Found a transporter.
 21650 | D:11     | Found a transporter.
 22198 | D:11     | Killed 12sPaWn12's ghost
 22413 | D:12     | Learned a level 4 spell: Dispel Undead
 22526 | D:12     | Identified the ring "Damnable Contraption" {rCorr Int-3
                  | Dex+6}
 23165 | D:12     | Reached skill level 10 in Poison Magic
 23618 | D:13     | Reached skill level 1 in Spellcasting
 23622 | D:13     | Reached ****** piety under Makhleb
 23682 | D:13     | Noticed Sonja
 23689 | D:13     | Killed Sonja
 23793 | D:13     | Found a gate to the Vaults.
 23889 | D:14     | Found a gate leading to a gauntlet.
 23899 | Gauntlet | Entered a Gauntlet
 23899 | Gauntlet | Found a transporter.
 23899 | Gauntlet | Found a transporter.
 23915 | Gauntlet | Found a transporter.
 23919 | Gauntlet | Found a transporter.
 23929 | Gauntlet | Found a transporter.
 23933 | Gauntlet | Found a transporter.
 23953 | Gauntlet | Found a transporter.
 23964 | Gauntlet | Found a transporter.
 23981 | Gauntlet | Found a transporter.
 23985 | Gauntlet | Found a transporter.
 23995 | Gauntlet | Found a transporter.
 23999 | Gauntlet | Found a transporter.
 24132 | Gauntlet | Identified the amulet "Nelown" {Acrobat Int+2}
 24154 | Gauntlet | Gained mutation: Your magical and physical power is
                  | slightly enhanced at high health. [demonic ancestry]
 24154 | Gauntlet | Reached XP level 15. HP: 115/115 MP: 22/22
 24252 | Gauntlet | Identified the ring "Mumainwo" {rF++ rC++ rN+ Will-}
 24290 | Gauntlet | Identified the +4 shortbow "Hoorod" {vorpal, Str+4 Dex+2}
 24323 | Gauntlet | Got the Disquisition on the Birds and the Entourage
 25508 | D:15     | Entered Level 15 of the Dungeon
 25555 | D:15     | Reached skill level 10 in Shields
 25772 | D:15     | Noticed Agnes
 25786 | D:15     | Killed Agnes
 26155 | D:15     | Noticed Kirke
 26168 | D:15     | Killed Kirke
 26195 | D:15     | Learned a level 5 spell: Summon Mana Viper
 26402 | D:15     | Reached skill level 1 in Hexes
 26403 | D:15     | Reached skill level 5 in Spellcasting
 26403 | D:15     | Reached skill level 1 in Summonings
 26856 | D:15     | Found a staircase to the Depths.
 26888 | D:15     | Reached skill level 10 in Invocations
 28768 | Lair:6   | Identified the +4 war axe of the Hummingbird {venom, +Blink
                  | rF+}
 28928 | Spider:1 | Entered Level 1 of the Spider Nest
 29012 | Spider:1 | Gained mutation: Your magical and physical power is
                  | enhanced at high health. [demonic ancestry]
 29012 | Spider:1 | Reached XP level 16. HP: 121/121 MP: 24/24
 29053 | Spider:1 | Reached skill level 1 in Stealth
 29978 | Spider:1 | Found the +2 ratskin cloak {*Rats rPois rN+ Str-1 Int-1
                  | Dex+1}
 30256 | Spider:2 | Found a transporter.
 30512 | Spider:2 | Found a transporter.
 30606 | Spider:2 | Noticed Frances
 30623 | Spider:2 | Killed Frances
 30624 | Spider:2 | Reached skill level 5 in Hexes
 30690 | Spider:2 | Reached skill level 5 in Summonings
 31827 | Spider:4 | Entered Level 4 of the Spider Nest
 31974 | Spider:4 | Reached skill level 5 in Stealth
 32267 | Spider:4 | Reached XP level 17. HP: 107/127 MP: 26/26
 34856 | Spider:4 | Got a gossamer rune of Zot
 35081 | Swamp:1  | Entered Level 1 of the Swamp
 36430 | Swamp:2  | Identified the +1 ring mail of Responsibility {Will+ Dex+7}
 37608 | Swamp:3  | Identified the +2 leather armour "Qeilunnara" {Str+4}
 38938 | Elf:1    | Entered Level 1 of the Elven Halls
 39043 | Elf:1    | Gained mutation: You are mostly covered in large bone
                  | plates. (SH +6) [demonic ancestry]
 39043 | Elf:1    | Reached XP level 18. HP: 130/133 MP: 28/28
 39827 | Elf:1    | Paralysed by an air elemental for 1 turns
 39893 | Elf:1    | Paralysed by an air elemental for 1 turns
 39947 | Elf:1    | Noticed a Tzitzimitl
 39954 | Elf:1    | Got the Guide on Companions
 40121 | Elf:1    | Identified the +11 longbow of Bodily Humours {flame, rElec}
 40808 | Elf:3    | Entered Level 3 of the Elven Halls
 40811 | Elf:3    | Paralysed by an air elemental for 1 turns
 41960 | Elf:2    | Found a runed translucent gate.
 41961 | Elf:2    | Found a runed translucent gate.
 41964 | Elf:2    | Found a runed translucent gate.
 42244 | Elf:3    | Cast into level 3 of the Abyss (a deep elf sorcerer)
 42274 | Abyss:3  | Found a corrupted altar of Lugonu.
 42303 | Abyss:3  | Found a corrupted altar of Lugonu.
 42441 | Abyss:3  | Gained mutation: You are occasionally teleported next to
                  | monsters. [a neqoxec]
 42513 | Abyss:3  | Reached skill level 10 in Hexes
 42633 | Abyss:3  | Reached skill level 10 in Summonings
 42637 | Abyss:3  | Found a corrupted altar of Lugonu.
 42667 | Elf:3    | Escaped the Abyss
 42695 | Elf:3    | Lost mutation: You are occasionally teleported next to
                  | monsters. [potion of mutation]
 42695 | Elf:3    | Gained mutation: Your spells are a little easier to cast,
                  | but a little less powerful. [potion of mutation]
 42695 | Elf:3    | Gained mutation: You passively map a small area around you.
                  | [potion of mutation]
 42695 | Elf:3    | Gained mutation: You have supernaturally acute eyesight.
                  | (SInv) [potion of mutation]
 42695 | Elf:3    | Gained mutation: You are somewhat resistant to further
                  | mutation. [potion of mutation]
 42910 | Elf:3    | Paralysed by an air elemental for 1 turns
 42923 | Elf:3    | Killed from afar by a deep elf annihilator

Illustrated notes

Levels and vault maps discovered:
D:1:      psy_arrival_conway, layout_basic
D:2:      layout_basic, minmay_between
D:3:      layout_loops_ring, uniq_ijyb, uniq_sigmund
D:4:      cheibrodos_thug_alley, layout_rooms, hangedman_glass_garden,
          uniq_blork_the_orc
D:5:      layout_basic, serial_shops, shop, gammafunk_ghost_gnarly_gnolls,
          uniq_duvessa
D:6:      layout_loops_cross, nicolae_uskayaw_dance_studio,
          minmay_temple_entry_water_ring, cheibrodos_sewer_entry_drain,
          minmay_microvault
D:7:      layout_gridville, gammafunk_temple_overflow_statue
D:8:      lemuel_ratsnest, layout_gridville, serial_shops, nicolae_shop_stone,
          uniq_psyche
D:9:      layout_roguey, tso_altar, okawaru_trees_2, orc_0_dummy, serial_shops,
          nicolae_shop_crystal
D:10:     layout_loops_ring, lemuel_tele_altar, due_lair_maze_entry_diamond
D:11:     layout_loops_cross, gammafunk_ghost_arena
D:12:     layout_loops_cross, minivault_21
D:13:     layout_roguey, david_vaults_1, uniq_sonja
D:14:     layout_loops_cross, gauntlet_entry_generic
D:15:     grunt_enter_depths_snipers, layout_irregular_city,
          chequers_hall_statues_wall_a, uniq_kirke, uniq_agnes
Temple:   regret_index_temple_sphere_string
Lair:1:   layout_concentric_octagons, gammafunk_ghost_arena
Lair:2:   layout_gridlike, spider_nest_entry_a,
          hellmonk_guarded_unrand_seven_league_boots
Lair:3:   layout_hall_layers, palyth_hydra_swamp_entry, gammafunk_ghost_hive,
          portal_ice_cave_demonic_guard, disabler_island
Lair:4:   minmay_lair_venomous_thicket, layout_cave_pods, serial_bayou_shore_b
Lair:5:   layout_regular_city, slime_altar_1, lemuel_fruit_fields
Lair:6:   evilmike_catoblepas_cave, layout_long_grid, basic_altar, uniq_urug
Swamp:1:  layout_basic_swamp, nicolae_swamp_little_swirl
Swamp:2:  layout_basic_swamp, evilmike_swamp_ruin_rubble_2
Swamp:3:  layout_basic_swamp, evilmike_swamp_ruin_house_4,
          infiniplex_staircase_pool
Spider:1: layout_spider_delve
Spider:2: gammafunk_boulding_lane, uniq_frances
Spider:3: layout_spider_delve
Spider:4: floodkiller_spider_rune_tomb
Orc:1:    layout_caves, uniq_maurice, uniq_erolcha, uniq_snorg
Orc:2:    st_orc_ogre_mass, layout_caves
Elf:1:    nicolae_elf_arrival_fired_up, layout_geoelf_diagonals,
          minmay_elf_demonology
Elf:2:    elven_hall_of_blades_hangedman_original
          [nicolae_blade_entry_floor_patterns], layout_onion_city,
          grunt_ministairs_11, corexii_hall_statues_i, drop_trap, uniq_azrael
Elf:3:    minmay_elf_hall_furrowed, layout_rooms

Skill      XL: |  1  2  3  4  5  6  7  8  9 10 11 12 13 14 15 16 17 18 |
---------------+-------------------------------------------------------+-----
Throwing       | 2 3 4 5 6 7 8 |  8.9
Axes           | 3 4 5 6 7 |  7.0
Armour         | 1 2 3 4 5 6 |  6.0
Fighting       | 3 4 5 6 7 8 9 |  9.7
Shields        | 1 3 4 5 6 7 9 10 11 12 13 | 13.5
Evocations     | 1 3 4 5 7 8 |  8.8
Invocations    | 1 4 6 8 9 10 12 13 | 13.2
Dodging        | 3 4 6 |  6.7
Polearms       | 3 4 7 11 | 11.2
Necromancy     | 1 5 7 9 |  9.0
Poison Magic   | 5 10 11 | 11.0
Spellcasting   | 1 5 6 8 |  8.5
Hexes          | 3 6 8 10 | 10.2
Summonings     | 3 6 8 10 | 10.1
Stealth        | 5 6 |  6.7

Action                   |  1- 3 |  4- 6 |  7- 9 | 10-12 | 13-15 | 16-18 || total
-------------------------+-------+-------+-------+-------+-------+-------++-------
Melee: War axe           |    52 |       |    47 |    73 |   841 |  1066 ||  2079
       Dagger            |    95 |    77 |       |       |       |       ||   172
       Short sword       |       |    59 |    69 |       |       |       ||   128
       Trident           |       |       |   192 |   505 |   615 |   326 ||  1638
       Staff             |       |       |       |       |       |     9 ||     9
Throw: Stone             |       |       |     2 |     5 |       |       ||     7
       Dart              |       |       |     5 |    32 |    19 |    44 ||   100
       Throwing net      |       |       |       |     2 |       |       ||     2
       Boomerang         |       |       |       |     8 |    61 |    60 ||   129
 Cast: Animate Skeleton  |       |       |       |       |    22 |     5 ||    27
       Olgreb's Toxic Ra |       |       |       |       |     1 |    19 ||    20
       Summon Mana Viper |       |       |       |       |       |    34 ||    34
Invok: Lesser Servant of |       |       |       |     2 |    18 |     8 ||    28
 Abil: Evoke Blink       |       |       |       |       |       |     1 ||     1
Evoke: Wand              |       |       |     7 |    15 |    26 |    74 ||   122
  Use: Potion            |       |       |     2 |       |     2 |     5 ||     9
       Scroll            |       |       |       |     7 |    18 |     9 ||    34
 Stab: Sleeping          |       |       |       |     1 |     1 |    10 ||    12
       Petrified         |       |       |       |       |     5 |       ||     5
       Distracted        |       |       |       |       |     7 |    10 ||    17
       Paralysed         |       |       |       |       |     2 |     8 ||    10
       Invisible         |       |       |       |       |       |     1 ||     1
Armor: Leather armour    |     6 |       |       |   119 |   516 |   352 ||   993
       Ring mail         |    51 |    43 |    29 |       |       |   143 ||   266
       Chain mail        |       |       |   117 |    60 |       |       ||   177
Dodge: Dodged            |   106 |    84 |    75 |   209 |   594 |   693 ||  1761
Block: Kite shield       |       |       |   129 |   470 |  1327 |  1427 ||  3353
